 Dungeon Crawl Stone Soup version 0.31-a0-853-gc9b61b78f7 (webtiles) character file.

Game seed: 16260898070234876482

130 Ethylacetat the Ruffian (level 5, -1/26 HPs)
             Began as a Vine Stalker Shapeshifter on Oct 8, 2023.
             Slain by an orc
             ... wielding a +0 trident
              (2 damage)
             ... on level 2 of the Dungeon.
             The game lasted 00:01:46 (674 turns).

Ethylacetat the Ruffian (Vine Stalker Shapeshifter)  Turns: 674, Time: 00:01:48

Health: -1/26      AC:  2    Str: 19    XL:     5   Next: 13%
Magic:  0/6        EV: 12    Int: 10    God:
Gold:   56         SH:  0    Dex: 13    Spells: 4/4 levels left

rFire   . .          .
                       - Unarmed
rCold   . . .        (no shield)
rNeg    . . .        a - +0 animal skin
rPois   .            (helmet currently unavailable)
rElec   .            (cloak currently unavailable)
rCorr   .            (gloves currently unavailable)
SInv    .            (boots currently unavailable)
Will    .....        (no amulet)
Stlth   +            (no ring)
HPRegen 1.04/turn    (no ring)
MPRegen 0.10/turn

%: guardian spirit
@: beast-form
A: beast (slay +2), fangs 2, regeneration 1, magic shield, antimagic bite, no
potion heal 2
a: Begin Untransformation


You were on level 2 of the Dungeon.
You were a hulking beast.
You visited 1 branch of the dungeon, and saw 2 of its levels.

You collected 56 gold pieces.

Inventory:

Armour
 a - a +0 animal skin (worn)
Talismans
 c - a beast talisman (active)
 d - a flux talisman
Scrolls
 e - a scroll of amnesia {unknown}
 g - 2 scrolls of immolation {unknown}
 j - a scroll of teleportation {unknown}
 k - a scroll of brand weapon {unknown}
Potions
 b - a potion of lignification
 f - a potion of curing {unknown}
 h - a potion of invisibility {unknown}
 i - 2 potions of haste {unknown}


   Skills:
 + Level 2.2 Fighting
 + Level 2.4 Dodging
 + Level 3.8 Unarmed Combat
 + Level 3.6 Shapeshifting


You had 4 spell levels left.
You didn't know any spells.
Your spell library contained the following spells:

 Spells                   Type           Power      Damage    Failure   Level
 Anguish                  Hex/Necr       0%         N/A       98%         4
 Cause Fear               Hex            0%         N/A       98%         4
 Enfeeble                 Hex            0%         N/A       100%        7
 Malign Gateway           Summ/Tloc      0%         N/A       100%        7
 Summon Horrible Things   Summ           0%         N/A       100%        8


Dungeon Overview and Level Annotations

Branches:
Dungeon (2/15)

Altars:

Shops:
D:1 [[


Innate Abilities, Weirdness & Mutations

You are a hulking beast.
Your limbs bulge with bestial killing power. (Slay +2)
You have extremely sharp teeth.
Your natural rate of healing is unusually fast.
When hurt, damage is shared between your health and your magic reserves.
Your bite disrupts and absorbs the magic of your enemies.
Potions cannot restore your health.


Message History

A ball python is nearby!
You closely miss the ball python. Your bite misses the ball python.
The ball python bites you. The ball python constricts you.
You closely miss the ball python. Your bite misses the ball python.
The ball python bites you. The ball python constricts you.
You hit the ball python.
You kill the ball python!
No target in view!
No target in view!
An orc comes into view. It is wielding a +0 trident.
An orc priest comes into view. It is wielding a +0 trident.
The orc priest shouts!
An orc comes into view. It is wielding a +0 trident.
There are monsters nearby!
An orc comes into view. It is wielding a +0 club.
There are monsters nearby!
The orc priest misses you.
The orc priest hits you with a +0 trident!
You closely miss the orc priest. You bite the orc priest. You drain its power.
You feel invigorated.
The orc priest is lightly wounded.
The orc closely misses you.
The orc priest hits you with a +0 trident!
You are too injured to fight recklessly!
You are too injured to fight recklessly!
You are too injured to fight recklessly!
You hit the orc priest.
You bite the orc priest, but do no damage.
The orc priest is moderately wounded.
The orc hits you but does no damage.
The orc throws a stone.
The stone misses you.
The orc priest hits you with a +0 trident.
You hit the orc priest. Your bite misses the orc priest.
The orc priest is heavily wounded.
The orc barely misses you.
The orc priest calls down the wrath of Beogh upon you.
Beogh smites you!
* * * LOW HITPOINT WARNING * * *
The orc hits you from afar with a +0 trident.
You die...

#....♣ ... .. #.....###
#....♣♣♣♣♣♣.♣♣... .# #.....#
#..♣♣.♣.......... #.. #.....#
#..#...♣.......# ...........#
#..#.......######....#.######
#.########.### ... . #. #.
..........##.###.## #.
.......†....?o...##
...........ho......
............oo.....
...................
...................
..........######...
......?...# .. ########## .


You could see an orc priest and 3 orcs.

Vanquished Creatures
  A phantom (D:2)
  A jelly (D:2)
  3 bats
  3 endoplasms
  5 hobgoblins
  A quokka (D:2)
  4 ball pythons
  3 frilled lizards
  2 goblins (D:1)
  3 kobolds (D:1)
  A rat (D:1)
27 creatures vanquished.

Notes
Turn   | Place    | Note
-------+----------+-------------------------------------------
     0 | D:1      | Ethylacetat the Vine Stalker Shapeshifter began the quest
                  | for the Orb.
     0 | D:1      | Reached XP level 1. HP: 9/9 MP: 2/2
    26 | D:1      | Reached skill level 1 in Fighting
    78 | D:1      | Reached XP level 2. HP: 14/14 MP: 3/3
   178 | D:1      | Found Ziclebua's Armour Boutique.
   210 | D:1      | Found Yfrotar's Armour Shoppe.
   465 | D:2      | Reached XP level 3. HP: 18/18 MP: 2/4
   544 | D:2      | Noticed a phantom
   558 | D:2      | Killed a phantom
   559 | D:2      | Reached XP level 4. HP: 23/23 MP: 2/5
   636 | D:2      | Reached XP level 5. HP: 21/26 MP: 6/6
   674 | D:2      | HP: 1/26 [orc priest/divine providence (10)]
   674 | D:2      | Slain by an orc

Illustrated notes

Levels and vault maps discovered:
D:1:      spicycebolla_green_bress_n_ham, layout_rooms, serial_shops,
          nicolae_shop_tiny_waterfront, shop
D:2:      layout_basic, chequers_ecumenical_altar_grove, minmay_misc_feat_chi,
          guppyfry_early_orc_mine, uniq_natasha

Skill      XL: |  1  2  3 |
---------------+----------+-----
Fighting       | 1 2 |  2.2
Dodging        | 2 |  2.4
Unarmed Combat | |  3.8
Shapeshifting  | |  3.6

Action                     |  1- 3 |  4- 6 || total
---------------------------+-------+-------++-------
  Melee: Unarmed           |    72 |    15 ||    87
         Bite              |    15 |     5 ||    20
         Punch             |     1 |       ||     1
 Armour: Animal skin       |    32 |    12 ||    44
  Dodge: Dodged            |    36 |     7 ||    43

Table legend: (Time is in decaauts)
 A = Elapsed time spent in this place.
 B = Non-inter-level travel time spent in this place.
 C = Inter-level travel time spent in this place.
 D = Time resting spent in this place.
 E = Time spent auto-exploring this place.
 F = Levels seen in this place.
 G = Mean time per level.
                   A        B        C        D        E       F      G
               +--------+--------+--------+--------+--------+-----+--------+
         Total |    667 |    638 |     29 |      0 |    472 |   2 |  333.5 |
       Dungeon |    667 |    638 |     29 |      0 |    472 |   2 |  333.5 |
               +--------+--------+--------+--------+--------+-----+--------+

Top non-repeatable levels by time:
     D:1: 454 daAuts
     D:2: 213 daAuts
